 Dungeon Crawl Stone Soup version 0.29-a0-483-g69413ace17 (webtiles) character file.

Game seed: 1215399168179040806

22 happo123 the Sneak (level 2, 0/23 HPs)
             Began as a Ghoul Enchanter on May 25, 2022.
             Slain by an adder (1 damage)
             ... on level 2 of the Dungeon.
             The game lasted 00:05:17 (1682 turns).

happo123 the Sneak (Ghoul Enchanter)                Turns: 1682, Time: 00:05:18

Health: 0/23       AC:  2    Str: 11    XL:     2   Next: 91%
Magic:  2/3        EV: 12    Int: 10    God:
Gold:   13         SH:  0    Dex:  9    Spells: 2/4 levels left

rFire   . . .      SeeInvis .   a - +1 dagger
rCold   + . .      Faith    .   (no shield)
rNeg    + + +      Spirit   .   b - +0 robe
rPois   ∞          Reflect  .   (no helmet)
rElec   .          Harm     .   (no cloak)
rCorr   .          Rampage  .   (no gloves)
Will    .....                   (no boots)
Stlth   ++........              (no amulet)
HPRegen 0.00/turn               (no ring)
MPRegen 0.08/turn               (no ring)

@: inhibited regen
A: claws 1, cold resistance 1, negative energy resistance 3, inhibited
regeneration, torment resistance 2, devour on kill
a: no special abilities


You were on level 2 of the Dungeon.
You visited 1 branch of the dungeon, and saw 2 of its levels.

You collected 85 gold pieces.
You spent 72 gold pieces at shops.

Inventory:

Hand Weapons
 a - a +1 dagger (weapon)
Armour
 b - a +0 robe (worn)
Jewellery
 i - an amulet of guardian spirit
Wands
 n - a wand of flame (6)
Scrolls
 d - a scroll of fog {unknown}
 e - a scroll of silence {unknown}
 f - a scroll of magic mapping {unknown}
 k - a scroll of vulnerability {unknown}
 o - a scroll of identify
Potions
 c - 2 potions of invisibility
 g - a potion of degeneration {unknown}
 h - a potion of haste {unknown}
 j - a potion of lignification {unknown}
 l - 2 potions of ambrosia {unknown}
 m - 2 potions of might {unknown}


   Skills:
 * Level 1.4 Fighting
 + Level 1.2 Short Blades
 + Level 1.9 Dodging
 + Level 3.4 Stealth
 + Level 1.9 Spellcasting
 + Level 2.5 Hexes
 + Level 0.0 Evocations


You had 2 spell levels left.
You knew the following spells:

 Your Spells              Type           Power      Damage    Failure   Level
a - Ensorcelled Hibernat  Hex/Ice        6%         N/A       28%         2

Your spell library contained the following spells:

 Spells                   Type           Power      Damage    Failure   Level
 Confusing Touch          Hex            6%         N/A       32%         3
 Tukima's Dance           Hex            6%         N/A       32%         3
 Dazzling Flash           Conj/Hex       6%         N/A       50%         3


Dungeon Overview and Level Annotations

Branches:
Dungeon (2/15)

Altars:

Shops:
D:1 *


Innate Abilities, Weirdness & Mutations

You are immune to poison.
You have sharp fingernails.
Your flesh is cold resistant. (rC+)
You are immune to negative energy. (rN+++)
You do not regenerate when monsters are visible.
You are immune to unholy pain and torment.
You thrive by killing the living.


Message History

You miss the adder. The bat hits you. The adder bites you.
You hit the adder.
The adder is lightly wounded.
The bat hits you but does no damage. The adder bites you but does no damage.
You hit the adder but do no damage.
The adder is lightly wounded.
The bat hits you but does no damage. x2; The adder barely misses you.
You hit the adder but do no damage.
The adder is lightly wounded.
The bat barely misses you. The adder bites you. The bat barely misses you.
You miss the adder.
The adder is lightly wounded.
The bat misses you. The adder bites you.
* * * LOW HITPOINT WARNING * * *
The adder bites you.
* * * LOW HITPOINT WARNING * * *
You closely miss the adder.
The adder is lightly wounded.
The bat barely misses you. The adder bites you.
* * * LOW HITPOINT WARNING * * *
You hit the adder.
The adder is moderately wounded.
The bat closely misses you. The adder bites you.
* * * LOW HITPOINT WARNING * * *
Your magical contamination has completely faded away.
You hit the adder. Your claw misses the adder.
The adder is heavily wounded.
The bat misses you. The adder misses you.
You hit the adder.
The adder is almost dead.
The bat hits you but does no damage. The adder closely misses you.
The bat barely misses you. The adder bites you.
* * * LOW HITPOINT WARNING * * *
You miss the adder.
The adder is almost dead.
The bat closely misses you. The adder barely misses you.
You closely miss the adder.
The adder is almost dead.
The bat hits you but does no damage. The adder bites you.
You die...

.( ..# #
#.##.# .#
..#.# #.
#.#.##.
#...#.
######... #
......S.##.#
#@...#
#...#...>.
##b## ###
#.# #.# #.#
#.. ##.


You could see an adder and a bat.

Vanquished Creatures
  2 dart slugs (D:1)
  A ball python (D:1)
  2 bats (D:1)
  An endoplasm (D:1)
  A giant cockroach (D:1)
  2 goblins (D:1)
  2 jackals (D:1)
  A kobold (D:1)
  3 frilled lizards (D:1)
  A rat (D:1)
16 creatures vanquished.

Notes
Turn   | Place    | Note
-------+----------+-------------------------------------------
     0 | D:1      | happo123 the Ghoul Enchanter began the quest for the Orb.
     0 | D:1      | Reached XP level 1. HP: 14/14 MP: 2/2
    67 | D:1      | Found Hitet's General Store.
    79 | D:1      | Reached skill level 1 in Short Blades
   352 | D:1      | Reached XP level 2. HP: 15/22 MP: 3/3
   386 | D:1      | Reached skill level 1 in Fighting
  1057 | D:1      | Learned a level 2 spell: Ensorcelled Hibernation
  1665 | D:1      | Bought a wand of flame (6) for 48 gold pieces
  1665 | D:1      | Bought a scroll of identify for 24 gold pieces
  1680 | D:2      | HP: 1/23 [adder (1)]
  1682 | D:2      | Slain by an adder

Illustrated notes

Levels and vault maps discovered:
D:1:      spicycebolla_arrival_xxxplode, layout_loops_ring, serial_shops,
          nicolae_shop_statue_plus, serial_aquarium, aquarium_bridge_straight
          [aquarium_subvault_bridge, aquarium_subvault_window,
          aquarium_subvault_bridge, aquarium_subvault_window],
          aquarium_window_corridor_3, aquarium_window_corner, aquarium_view_2c,
          chequers_serial_rivers_micro_e
D:2:      layout_rooms

Skill      XL: |  1  2 |
---------------+-------+-----
Short Blades   | 1 |  1.2
Fighting       | 1 |  1.4
Dodging        | |  1.9
Stealth        | |  3.4
Spellcasting   | |  1.9
Hexes          | |  2.5

Action                   || total
-------------------------++-------
Melee: Dagger            ||   110
       Punch             ||     1
 Stab: Sleeping          ||     2
Armor: Robe              ||    21
Dodge: Dodged            ||    87

Table legend: (Time is in decaauts)
 A = Elapsed time spent in this place.
 B = Non-inter-level travel time spent in this place.
 C = Inter-level travel time spent in this place.
 D = Time resting spent in this place.
 E = Time spent auto-exploring this place.
 F = Levels seen in this place.
 G = Mean time per level.
                   A        B        C        D        E       F      G
               +--------+--------+--------+--------+--------+-----+--------+
         Total |   1676 |   1523 |    153 |    602 |    717 |   2 |  838.0 |
       Dungeon |   1676 |   1523 |    153 |    602 |    717 |   2 |  838.0 |
               +--------+--------+--------+--------+--------+-----+--------+

Top non-repeatable levels by time:
     D:1: 1661 daAuts
     D:2: 14 daAuts
